 Dungeon Crawl Stone Soup version 0.18.1-6-gd335043 (webtiles) character file.

676 mistymad the Skirmisher (level 7, -2/66 HPs)
             Began as a Minotaur Berserker on May 16, 2016.
             Was a Believer of Trog.
             Shot with an arrow by a centaur (11 damage)
             ... on level 5 of the Dungeon.
             The game lasted 00:09:05 (2342 turns).

mistymad the Skirmisher (Minotaur Berserker)        Turns: 2342, Time: 00:09:05

Health: -2/66      AC:  4    Str: 24    XL:     7   Next: 33%
Magic:  6/6        EV:  6    Int:  4    God:    Trog [**....]
Gold:   121        SH:  0    Dex:  9    Spells: 0 memorised, 6 levels left

rFire  . . .     SeeInvis .     a - +0 hand axe
rCold  . . .     Gourm    .     j - +0 leather armour
rNeg   . . .     Faith    .     (no shield)
rPois  .         Spirit   .     (helmet restricted)
rElec  .         Dismiss  .     o - +0 cloak
rCorr  .         Reflect  .     (no gloves)
SustAt .         Harm     .     (no boots)
MR     ++...                    (no amulet)
Stlth  +.........               (no ring)
                                (no ring)

@: regenerating, heavily drained, very resistant to hostile enchantments, very
unstealthy
A: retaliatory headbutt, horns 2
a: Berserk, Trog's Hand, Burn Spellbooks, Renounce Religion


You were on level 5 of the Dungeon.
You worshipped Trog.
Trog was pleased with you.
You were not hungry.

You visited 1 branch of the dungeon, and saw 4 of its levels.

You collected 121 gold pieces.

Inventory:

Hand Weapons
 a - a +0 hand axe (weapon)
Armour
 j - a +0 leather armour (worn)
 o - a +0 cloak (worn)
Jewellery
 m - an uncursed ring of poison resistance {unknown}
Wands
 l - a wand of slowing (13/48)
Scrolls
 b - a scroll of remove curse {unknown}
 e - 2 scrolls of teleportation {unknown}
Potions
 d - 2 potions of cure mutation {unknown}
 f - a potion of magic {unknown}
 g - 3 potions of curing
 k - 2 potions of degeneration {unknown}
 n - 2 potions of agility
Comestibles
 c - 4 bread rations
 h - 9 chunks of flesh
 i - 2 beef jerkies
 p - 6 mutagenic chunks of flesh


   Skills:
 * Level 7.2(4.1) Fighting
 + Level 5.7(2.7) Axes
 + Level 4.6(1.7) Armour
 + Level 4.3(1.5) Dodging


You had 6 spell levels left.
You didn't know any spells.

Dungeon Overview and Level Annotations

Branches:
Dungeon (3/15)

Altars:
Okawaru


Innate Abilities, Weirdness & Mutations

You reflexively headbutt those who attack you in melee.
You have a pair of horns on your head.


Message History

The orc wizard miscasts a cantrip.
Something hits the orc wizard but does no damage.
You see here an arrow.
Things that are here:
a flail; a scroll labeled ROHIGHEAWK; a bubbling coppery potion An orc comes into view.
It is wielding a dagger.
The orc shouts!
The orc moves out of view.
The centaur shoots an arrow.
The arrow barely misses you.
An orc priest comes into view. It is wielding a hand axe of flaming.
The orc priest shouts!
You hear a shout!
The centaur shoots an arrow.
The arrow closely misses you.
The centaur shoots an arrow.
The arrow hits you!
* * * LOW HITPOINT WARNING * * *
There is a stone staircase leading up, spattered with blood here.
You see here an arrow.
The centaur shoots an arrow.
The arrow hits you.
* * * LOW HITPOINT WARNING * * *
The centaur shoots an arrow.
The arrow hits you!
You die...

.. ##. ##.. . #..
.... #...## .....
.#..##.... ...()..#
##......# .
#########(....#....
#.).)(()...@%..(...
######)............
#...c.####....
#..o### ..# #.o)# .
#.... #....o
#...##. #...# #.


You could see a centaur, an orc priest and an orc.

Vanquished Creatures
  Pikel (D:5)
  A slave (D:5)
  A hound (D:5)
  An orc priest (D:5)
  An orc wizard (D:5)
  Robin (D:2)
  2 gnolls (D:2)
  2 adders
  2 worms (D:2)
  A dart slug (D:3)
  A giant gecko (D:2)
  3 orcs
  8 bats
  15 goblins
  8 hobgoblins
  2 jackals (D:2)
  4 kobolds
  A quokka (D:2)
  2 ball pythons (D:3)
  4 giant newts
  5 rats
66 creatures vanquished.

Vanquished Creatures (others)
  A slave (D:5)
  A sky beast (D:5)
  3 orc wizards (D:5)
  2 orcs (D:5)
  A quokka skeleton (D:5)
8 creatures vanquished.

Grand Total: 74 creatures vanquished

Notes
Turn   | Place    | Note
--------------------------------------------------------------
     0 | D:1      | mistymad the Minotaur Berserker began the quest for the Orb.
     0 | D:1      | Reached XP level 1. HP: 19/19 MP: 0/0
   201 | D:1      | Reached skill level 4 in Fighting
   401 | D:1      | Reached XP level 2. HP: 20/27 MP: 1/1
  1032 | D:2      | Reached XP level 3. HP: 5/34 MP: 2/2
  1039 | D:2      | HP: 1/34 [poisoned by an adder]
  1081 | D:2      | Reached ** piety under Trog
  1518 | D:2      | Noticed Robin
  1532 | D:2      | Killed Robin
  1587 | D:2      | Reached skill level 5 in Fighting
  1808 | D:2      | Reached XP level 4. HP: 32/42 MP: 3/3
  1885 | D:2      | Found an iron altar of Okawaru.
  2241 | D:3      | You fall through a shaft for 2 floors!
  2241 | D:5      | Entered Level 5 of the Dungeon
  2241 | D:5      | Noticed Pikel
  2241 | D:5      | Noticed a slave
  2241 | D:5      | Noticed a slave
  2241 | D:5      | Noticed a slave
  2241 | D:5      | Noticed a slave
  2256 | D:5      | Reached XP level 5. HP: 48/48 MP: 4/4
  2259 | D:5      | Killed a slave
  2263 | D:5      | Killed Pikel
  2263 | D:5      | Reached skill level 7 in Fighting
  2263 | D:5      | Reached skill level 5 in Axes
  2263 | D:5      | Reached XP level 6. HP: 60/60 MP: 5/5
  2263 | D:5      | Reached XP level 7. HP: 66/66 MP: 6/6
  2303 | D:5      | Killed a freed slave
  2342 | D:5      | Shot with an arrow by a centaur

Skill      XL: |  1  2  3  4  5 |
---------------+----------------+-----
Fighting       | 4 5 7 |  7.2
Axes           | 4 5 |  5.7
Armour         | 3 4 |  4.6
Dodging        | 3 4 |  4.3

Action                   |  1- 3 |  4- 6 |  7- 9 || total
-------------------------+-------+-------+-------++-------
Melee: Hand axe          |    75 |    40 |    16 ||   131
       Headbutt          |     8 |    10 |     1 ||    19
Invok: Berserk           |     1 |     2 |       ||     3
       Trog's Hand       |     1 |     1 |     2 ||     4
  Use: Potion            |     1 |       |       ||     1
  Eat: Chunk             |     4 |     2 |     2 ||     8
Armor: Animal skin       |     8 |       |       ||     8
       Leather armour    |    10 |    11 |     7 ||    28
Dodge: Dodged            |    53 |    35 |    11 ||    99
